AoeStats
← Mito

Arena

510545887Analyzed
1v1 RM · 1d ago on Oct 1, 2026· 31m 53s· 2 players
Game mode
Random Map
Map size
Tiny (2 player)
Population
200
Speed
Normal
Resources
Standard
Victory
Conquest
Starting age
Dark Age
Ending age
Imperial Age
RankedLock teamsTeams togetherTeam positionsShared explorationLock speedFull tech treeHidden civsTurbo modeCheats
Victory
Defeat
🇷🇴 Varangians · Romania
1127
+16
🇪🇸 Aztecs · Spain
1126
-16
Mito
0:40 Loom
5:16 Loom
11:02 Feudal Age
15:13 Castle Age
13:51 Double-Bit Axe
14:11 Horse Collar
14:33 Gold Mining
19:06 Fervor
22:16 Sanctity
24:08 Atonement
25:21 Gold Shaft Mining
29:21 Redemption
29:12 Devotion
Medellin
10:19 Feudal Age
14:46 Castle Age
12:54 Double-Bit Axe
13:23 Horse Collar
17:25 Wheelbarrow
21:06 Hand Cart
22:37 Forging
23:21 Loom
24:26 Town Watch
30:49 Imperial Age
28:25 Light Cavalry
29:44 Iron Casting
29:04 Fletching
33:02 Blast Furnace
31:46 Onager
Connection lost

Rejoining the realm…

Still unreachable

The connection could not be restored.

Session expired

The server has moved on; the page needs a fresh start.